 Dungeon Crawl Stone Soup version 0.26-a0-651-gb41185065b (webtiles) character file.

Game seed: 14877369452365967416

2527 Apogee the Grappler (level 9, -9/93 HPs)
             Began as a Troll Berserker on Sept 30, 2020.
             Was a High Priest of Trog.
             Killed from afar by an electric eel (10 damage)
             ... with a bolt of electricity
             ... on level 8 of the Dungeon.
             The game lasted 00:06:24 (5219 turns).

Apogee the Grappler (Troll Berserker)               Turns: 5219, Time: 00:06:24

Health: -9/93      AC: 13    Str: 27    XL:     9   Next: 29%
Magic:  8/8        EV: 13    Int:  3    God:    Trog [*****.]
Gold:   201        SH:  5    Dex: 18    Spells: 8/8 levels left

rFire    . . .     SeeInvis .     - Unarmed
rCold    . . .     Faith    .   (no shield)
rNeg     . . .     Spirit   .   G - +0 steam dragon scales
rPois    .         Reflect  +   (helmet restricted)
rElec    .         Harm     .   (no cloak)
rCorr    .         Rampage  .   (gloves unavailable)
MR       .....                  (boots unavailable)
Stlth    ++........             f - amulet of reflection
HPRegen  0.65/turn              s - +6 ring of dexterity
MPRegen  0.11/turn              z - +4 ring of protection

@: invisible, very slow
A: large, unfitting armour, claws 3, regeneration 1, shaggy fur 1, tough skin 3
a: Berserk, Trog's Hand, Brothers in Arms, Renounce Religion


You were on level 8 of the Dungeon.
You worshipped Trog.
Trog was extremely pleased with you.
You visited 1 branch of the dungeon, and saw 8 of its levels.

You collected 201 gold pieces.

Inventory:

Hand Weapons
 w - the cursed +0 hunting sling of Uwodid {freeze, +Inv rF- Str-3 Dex+10, unknown}
   (You found it on level 4 of the Dungeon)

   It causes projectiles fired from it to freeze those they strike, causing
   extra injury to most foes and up to half again as much damage against
   particularly susceptible opponents.
   They can also slow down cold-blooded creatures.
   It affects your strength (-3).
   It affects your dexterity (+10).
   It makes you vulnerable to fire.
   It lets you turn invisible.
   It has a curse placed upon it.
Missiles
 b - 172 stones (quivered)
Armour
 a - a +0 animal skin
 G - +0 steam dragon scales (worn)
   (You took it off Maggie on level 7 of the Dungeon)
Jewellery
 f - an amulet of reflection (around neck)
   (You found it on level 1 of the Dungeon)
 o - an uncursed ring of protection from cold
   (You found it on level 3 of the Dungeon)
 s - a +6 ring of dexterity (left claw)
   (You found it on level 4 of the Dungeon)
 z - a +4 ring of protection (right claw)
   (You found it on level 4 of the Dungeon)
 A - an uncursed ring of fire
   (You found it on level 4 of the Dungeon)
 D - an uncursed ring of positive energy {unknown}
   (You found it on level 7 of the Dungeon)
 E - a +4 ring of evasion {unknown}
   (You found it on level 7 of the Dungeon)
Wands
 t - a wand of flame (18)
   (You took it off Maggie on level 7 of the Dungeon)
 u - a wand of polymorph (6)
   (You took it off Eustachio on level 4 of the Dungeon)
Scrolls
 c - 5 scrolls of teleportation {unknown}
 e - 3 scrolls of blinking {unknown}
 i - 4 scrolls of identify {unknown}
 j - a scroll of enchant armour {unknown}
 l - a scroll of amnesia {unknown}
 m - 6 scrolls of immolation {unknown}
 n - 3 scrolls of remove curse {unknown}
 q - a scroll of fog {unknown}
 v - 4 scrolls of enchant weapon {unknown}
 y - 3 scrolls of fear {unknown}
 C - a scroll of brand weapon {unknown}
Potions
 d - a potion of ambrosia {unknown}
 g - 5 potions of degeneration {unknown}
 k - 2 potions of magic {unknown}
 p - 2 potions of lignification {unknown}
 r - a potion of stabbing {unknown}
 x - 3 potions of flight {unknown}
 B - a potion of might
 F - a potion of curing {unknown}
 H - a potion of mutation {unknown}


   Skills:
 + Level 7.2 Fighting
 + Level 5.1 Dodging
 + Level 8.6 Unarmed Combat


You had 8 spell levels left.
You didn't know any spells.
Your spell library was empty.

Dungeon Overview and Level Annotations

Branches:
Dungeon (8/15)             Temple (0/1) D:5
   Lair: D:8-11

Altars:
Ashenzari
Cheibriados
Dithmenos
Elyvilon
Gozag
Kikubaaqudgha
Ru
Sif Muna
Uskayaw
Wu Jian
Yredelemnul
Zin

Annotations:
D:5 2 transporters, p0werm0de's ghost, novice DDFi
D:7 1 runed translucent door, Crazy Yiuf


Innate Abilities, Weirdness & Mutations

You are too large for most types of armour.
You have claws for hands.
Your natural rate of healing is unusually fast.
You are covered in fur. (AC +1)
You have extremely tough skin. (AC +3)


Message History

You scratch the gnoll.
You kill the gnoll!
Trog accepts your kill.
Items here: )) ††.
No target in view!
Found a stone staircase leading down.
No target in view!
There is a stone staircase leading down here.
An electric eel comes into view.
The electric eel shoots out a bolt of lightning at you!
The bolt of electricity hits you.
An electric eel is nearby!
You enter the shallow water.
Moving in this stuff is going to be slow.
An electric eel comes into view.
The electric eel shoots out a bolt of lightning at you!
The bolt of electricity hits you!
The electric eel shoots out a bolt of lightning at you!
The bolt of electricity hits the plant.
The plant begins to die.
The bolt of electricity hits you! The bolt of electricity hits you.
An electric eel comes into view.
The electric eel shoots out a bolt of lightning at you!
The bolt of electricity hits you!
There are monsters nearby!
An electric eel comes into view.
The electric eel shoots out a bolt of lightning at you!
The bolt of electricity hits you!
The electric eel shoots out a bolt of lightning at you!
The bolt of electricity hits you!
* * * LOW HITPOINT WARNING * * *
The electric eel shoots out a bolt of lightning at you!
The bolt of electricity hits you.
* * * LOW HITPOINT WARNING * * *
You are too injured to fight recklessly!
There are monsters nearby!
There are monsters nearby!
The electric eel shoots out a bolt of lightning at you!
The bolt of electricity hits the plant!
The plant begins to die.
The bolt of electricity hits you!
* * * LOW HITPOINT WARNING * * *
The electric eel shoots out a bolt of lightning at you!
The bolt of electricity hits the plant!
The bolt of electricity hits you!
* * * LOW HITPOINT WARNING * * *
The electric eel shoots out a bolt of lightning at you!
The bolt of electricity hits you!
* * * LOW HITPOINT WARNING * * *
You fade into invisibility!
The electric eel shoots out a bolt of lightning at you!
The bolt of electricity hits you!
You die...

≈.≈≈≈≈...#
..≈♣.P≈≈.# ♣♣
♣♣♣♣♣.# ≈≈≈♣♣
#.# ≈♣≈P≈♣♣ ####
≈ #.. ≈≈≈≈≈≈P
...# ≈♣ ###
≈≈P≈P;P♣≈#.# #♣≈
...
≈≈P≈≈≈;≈♣#.#...
###
P≈≈≈≈P≈♣@#.#.#
###.
≈≈≈♣≈≈≈♣.....#
#... P
≈≈;♣≈###.###
#.#. P≈♣♣♣## #.#
#.#. ♣ #.# #.##
#.###########)..
#>.............)
################


You could see 2 electric eels.

Vanquished Creatures
  Pikel (D:8)
  Maggie (D:7)
  Grinder (D:4)
  Eustachio (D:4)
  A sky beast (D:5)
  An ogre (D:5)
  A centaur (D:5)
  A big kobold (D:7)
  A water moccasin zombie (D:6)
  3 scorpions
  A howler monkey (D:5)
  A bullfrog skeleton (D:7)
  3 hounds
  A jelly (D:6)
  A gnoll shaman (D:7)
  An orc priest (D:4)
  Ijyb (D:3)
  An iguana (D:7)
  9 orc wizards
  3 worker ants
  Robin (D:3)
  9 gnolls
  A river rat (D:4)
  5 adders
  2 shadow imps
  4 white imps
  An ufetubus (D:7)
  3 oozes
  An adder zombie (D:7)
  2 adder skeletons
  4 worms
  3 dart slugs
  9 leopard geckos
  25 orcs
  2 ball pythons (D:4)
  10 bats
  2 giant cockroaches
  11 goblins
  8 hobgoblins
  11 jackals
  A quokka (D:4)
  4 frilled lizards
  14 kobolds
  A leopard gecko skeleton (D:4)
  A leopard gecko zombie (D:5)
  A quokka skeleton (D:4)
  8 rats
178 creatures vanquished.

Notes
Turn   | Place    | Note
-------+----------+-------------------------------------------
     0 | D:1      | Apogee the Troll Berserker began the quest for the Orb.
     0 | D:1      | Reached XP level 1. HP: 22/22 MP: 0/0
    54 | D:1      | Reached XP level 2. HP: 29/29 MP: 1/1
   258 | D:1      | Reached ** piety under Trog
   258 | D:1      | Reached XP level 3. HP: 36/36 MP: 2/2
   778 | D:2      | Reached XP level 4. HP: 45/45 MP: 3/3
   792 | D:2      | Reached skill level 4 in Unarmed Combat
  1199 | D:3      | Noticed Ijyb
  1210 | D:3      | Noticed Robin
  1227 | D:3      | Killed Ijyb
  1230 | D:3      | Killed Robin
  1373 | D:3      | Reached *** piety under Trog
  1475 | D:3      | Reached XP level 5. HP: 54/54 MP: 4/4
  1480 | D:3      | Found a shadowy altar of Dithmenos.
  1915 | D:4      | Noticed Grinder
  1925 | D:4      | Killed Grinder
  1925 | D:4      | Reached skill level 5 in Unarmed Combat
  1925 | D:4      | Reached XP level 6. HP: 63/63 MP: 5/5
  2030 | D:4      | Reached **** piety under Trog
  2044 | D:4      | Noticed Eustachio
  2206 | D:4      | Reached XP level 7. HP: 71/71 MP: 6/6
  2226 | D:4      | Killed Eustachio
  2226 | D:4      | Reached skill level 5 in Fighting
  2226 | D:4      | Reached skill level 6 in Unarmed Combat
  2353 | D:4      | Got a scorched hunting sling
  2721 | D:5      | Entered Level 5 of the Dungeon
  3205 | D:5      | Reached skill level 7 in Unarmed Combat
  3262 | D:5      | Reached XP level 8. HP: 83/83 MP: 7/7
  3295 | D:5      | Found a staircase to the Ecumenical Temple.
  3526 | D:5      | Found a transporter.
  3527 | D:5      | Identified the +8 great mace "Kiarunia" {spect, rN+ Str+8}
  3527 | D:5      | Noticed p0werm0de's ghost (novice DDFi)
  3527 | D:5      | Identified the +8 great mace "Kiarunia" {spect, rN+ Str+8}
  3532 | D:5      | Found a transporter.
  3614 | D:6      | Reached ***** piety under Trog
  4418 | D:7      | Found an ancient bone altar of Kikubaaqudgha.
  4418 | D:7      | Found a snail-covered altar of Cheibriados.
  4421 | D:7      | Found a shimmering blue altar of Sif Muna.
  4439 | D:7      | Reached skill level 8 in Unarmed Combat
  4447 | D:7      | Noticed Maggie
  4464 | D:7      | Killed Maggie
  4464 | D:7      | Reached XP level 9. HP: 92/92 MP: 8/8
  4719 | D:7      | Found a runed translucent door.
  4720 | D:7      | Noticed Crazy Yiuf
  4905 | D:7      | Found a basalt altar of Yredelemnul.
  4925 | D:7      | Found a white marble altar of Elyvilon.
  4925 | D:7      | Found a sacrificial altar of Ru.
  4925 | D:7      | Found a glowing silver altar of Zin.
  4926 | D:7      | Found a hide-covered altar of Uskayaw.
  4928 | D:7      | Found a broken altar of Ashenzari.
  4929 | D:7      | Found an ornate altar of the Wu Jian Council.
  4930 | D:7      | Found an opulent altar of Gozag.
  5037 | D:8      | Noticed Pikel
  5061 | D:8      | Killed Pikel
  5061 | D:8      | Reached skill level 5 in Dodging
  5218 | D:8      | HP: 1/93 [electric eel/bolt of electricity (16)]
  5219 | D:8      | Killed from afar by an electric eel

Illustrated notes

Levels and vault maps discovered:
D:1:      minmay_arrival_solitary_statue, layout_rooms
D:2:      layout_basic
D:3:      minmay_diamond_boxcup, layout_basic,
          grunt_dithmenos_smoke_and_mirrors, uniq_ijyb, uniq_robin
D:4:      layout_rooms, uniq_eustachio, uniq_grinder
D:5:      layout_basic, minmay_temple_entry_tees, gammafunk_ghost_smash
D:6:      layout_basic, serial_shops, shop, uniq_duvessa
D:7:      layout_basic, minitemple, uniq_crazy_yiuf_cottage, uniq_maggie
D:8:      layout_basic, doesnt_xom_only_xom, lair_entry_dummy, serial_shops,
          shop, serial_bayou, serial_bayou_lake_a, serial_bayou_pond_d,
          serial_bayou_crossing, serial_bayou_shore_b,
          kennysheep_generic_room_15, uniq_pikel

Skill      XL: |  1  2  3  4  5  6  7  8  9 |
---------------+----------------------------+-----
Fighting       | 3 4 5 6 7 |  7.2
Unarmed Combat | 4 5 7 8 |  8.6
Dodging        | 3 4 5 |  5.1

Action                   |  1- 3 |  4- 6 |  7- 9 || total
-------------------------+-------+-------+-------++-------
Melee: Unarmed           |    81 |   191 |   205 ||   477
       Punch             |       |     3 |    11 ||    14
Throw: Stone             |       |       |     1 ||     1
Invok: Berserk           |       |     2 |     2 ||     4
  Use: Potion            |       |       |     1 ||     1
Armor: Animal skin       |    44 |    84 |    59 ||   187
       Skin              |       |       |     1 ||     1
       Steam dragon scal |       |       |     3 ||     3
Dodge: Dodged            |    45 |   105 |    94 ||   244
Block: Other             |     5 |    51 |    34 ||    90
       Reflection        |       |     2 |     2 ||     4

Table legend: (Time is in decaauts)
 A = Elapsed time spent in this place.
 B = Non-inter-level travel time spent in this place.
 C = Inter-level travel time spent in this place.
 D = Time resting spent in this place.
 E = Time spent auto-exploring this place.
 F = Levels seen in this place.
 G = Mean time per level.
                   A        B        C        D        E       F      G
               +--------+--------+--------+--------+--------+-----+--------+
         Total |   5202 |   5047 |    155 |    229 |   3783 |   8 |  650.2 |
       Dungeon |   5202 |   5047 |    155 |    229 |   3783 |   8 |  650.2 |
               +--------+--------+--------+--------+--------+-----+--------+

Top non-repeatable levels by time:
     D:7: 976 daAuts
     D:5: 824 daAuts
     D:3: 796 daAuts
     D:2: 754 daAuts
     D:4: 724 daAuts
     D:6: 430 daAuts
     D:1: 427 daAuts
     D:8: 267 daAuts
